[Event "Late-Titled-Tuesday-Blitz-March-19-2024"]
[Site "Chess.com"]
[Date "2024.03.19"]
[Round "9"]
[White "Baronessa08"]
[Black "prochn"]
[Result "1-0"]
[WhiteElo "2593"]
[BlackElo "2482"]
[TimeControl "180+1"]
[EndTime "15:43:32 PDT"]
[Termination "Baronessa08 won on time"]

1. d4 d5 2. Bf4 c5 3. e3 Nf6 4.
dxc5 e6 5. c4 Bxc5 6. Nc3 O-O 7. Nf3 Nc6 8. cxd5 exd5 9. Be2 d4 10.
exd4 Nxd4 11. Nxd4 Bxd4 12. O-O Bf5 13. Bf3 Qd7 14.
Qb3 Bxc3 15. Qxc3 Be4 16. Bxe4 Nxe4 17. Qf3 Qf5 18. Rfd1 Rfe8 19. Be3 Qxf3 20. gxf3 Nf6 21. Rac1 Rac8 22. Rxc8 Rxc8 23. Bxa7 h5 24. a3 Rc2 25. Bd4 h4 26. h3 Nd5 27. Be5 Nb6 28. b4 Nc4 29. Rd8+ Kh7 30. Bd4 Rd2 31. a4 Ne5 32.
Bb6 Nxf3+ 33. Kg2 Rxd8 34. Bxd8 Nd4 35. b5 Kg6 36. Bb6 1-0

[Event "Late-Titled-Tuesday-Blitz-March-19-2024"]
[Site "Chess.com"]
[Date "2024.03.19"]
[Round "9"]
[White "atbenina64"]
[Black "dretch"]
[Result "1-0"]
[WhiteElo "2761"]
[BlackElo "2882"]
[TimeControl "180+1"]
[EndTime "15:43:33 PDT"]
[Termination "atbenina64 won on time"]

1. c4 c6 2. Nf3 d5 3. e3 Bg4 4. h3 Bxf3 5. Qxf3 Nf6 6. Nc3 e6 7.
d4 Nbd7 8. cxd5 exd5 9. Bd3 Bb4 10. Bd2 O-O 11. O-O Re8 12. Rad1 Nb6 13. a3 Bd6 14. Rfe1 Bc7 15. g3 Qd7 16. Kg2 Rad8 17. h4 Nc4 18.
Bxc4 dxc4 19. Bc1 Bb6 20. e4 Ng4 21. e5 h5 22. Be3 f6 23. Ne4 fxe5 24. dxe5 Nxe3+ 25.
fxe3 Qg4 26. Rxd8 Qxf3+ 27. Kxf3 Bxd8 28. Rd1 Bb6 29. Rd7 Rxe5 30. Rxb7 Rf5+ 31. Ke2 Rb5 32.
Rb8+ Kh7 33. Ng5+ Kg6 34. Rc8 Rxb2+ 35. Kf3 Kf6 36. Rxc6+ Ke7 37. Rxc4 Rb3 38. Re4+ Kd7 39. a4 1-0

[Event "Late-Titled-Tuesday-Blitz-March-19-2024"]
[Site "Chess.com"]
[Date "2024.03.19"]
[Round "9"]
[White "liwadas82"]
[Black "EcosseKillie"]
[Result "1-0"]
[WhiteElo "2516"]
[BlackElo "2329"]
[TimeControl "180+1"]
[EndTime "15:43:33 PDT"]
[Termination "liwadas82 won on time"]

1. e4 Nf6 2. e5 Nd5 3. d4 d6 4. Nf3 dxe5 5. Nxe5 g6 6. Bc4 Be6 7. Qe2 Bg7 8. O-O O-O 9. c3 Nd7 10. Nf3 c5 11. Ng5 N7b6 12. Nxe6 fxe6 13. Qxe6+ Kh8 14.
Bxd5 Nxd5 15. dxc5 Rc8 16. Bg5 Rf5 17. Bh4 Re5 18.
Qg4 Rxc5 19. Rd1 Qf8 20. Bg3 Rf5 21. Nd2 Nf6 22. Qe2 Nh5 23. Ne4 Nxg3 24. hxg3 Rc8 25. Re1 b5 26. a3 a5 27. Rad1 Rb8 28. g4 Re5 29. Qd3 b4 30. axb4 axb4 31. c4 Qf4 32. f3 Ra5 33. b3 Ra2 34. Re2 Rxe2 35. Qxe2 Rf8 36. Qd2 Qc7 37. Qxb4 Rc8 38. Qb5 Rd8 39. Rxd8+ Qxd8 40. Qd5 Qb6+ 41. c5 Qxb3 42. Qxb3 1-0

[Event "Late-Titled-Tuesday-Blitz-March-19-2024"]
[Site "Chess.com"]
[Date "2024.03.19"]
[Round "9"]
[White "Schattman"]
[Black "BebeBonito2022"]
[Result "1-0"]
[WhiteElo "2507"]
[BlackElo "2298"]
[TimeControl "180+1"]
[EndTime "15:43:33 PDT"]
[Termination "Schattman won by resignation"]

1. b3 d5 2. Nf3 c5 3. e3 a6 4. Bb2 Nc6 5. d4 cxd4 6. Nxd4 Nf6 7. Be2 e6 8. O-O Be7 9. Nd2 O-O 10. c4 Bd7 11. cxd5 Nxd5 12. Rc1 Nxd4 13. Bxd4 Bf6 14.
Nc4 Bxd4 15. Qxd4 Bc6 16. Ne5 Bb5 17. Bc4 Bxc4 18. Rxc4 Qa5 19. Ra4 Qc7 20. Rc4 Qa5 21.
g3 Qxa2 22. e4 Nf6 23. Qb6 Rad8 24. Qxb7 Rd2 25. Qb6 Rb2 26. Rb4 Rb1 27. Rxb1 Qxb1+ 28. Kg2 Nxe4 29. Qe3 Nf6 30. Ra4 Nd5 31. Qd3 Qxd3 32. Nxd3 Ra8 33. Nc5 a5 34. Nb7 f6 35. Rxa5 Rb8 36.
Nc5 Kf7 37. Ra7+ Kg6 38. Nxe6 Rxb3 39. Rxg7+ Kf5 40. Nd4+ 1-0

[Event "Late-Titled-Tuesday-Blitz-March-19-2024"]
[Site "Chess.com"]
[Date "2024.03.19"]
[Round "9"]
[White "miraitrunks"]
[Black "rhwr"]
[Result "0-1"]
[WhiteElo "2176"]
[BlackElo "2305"]
[TimeControl "180+1"]
[EndTime "15:43:35 PDT"]
[Termination "rhwr won by resignation"]

1. e4 c5 2. Nc3 Nc6 3. Nge2 g6 4.
d3 Bg7 5. Be3 d6 6. h3 e6 7. g4 Nge7 8. Bg2 O-O 9. Qd2 Nd4 10. O-O f5 11. exf5 gxf5 12. Bh6 Ng6 13. Bxg7 Kxg7 14. Nxd4 cxd4 15. Ne2 e5 16. gxf5 Rxf5 17.
f4 Qe7 18. fxe5 dxe5 19. Rxf5 Bxf5 20. Ng3 Rf8 21. Rf1 Bc8 22. Nh5+ Kg8 23. Be4 Rxf1+ 24. Kxf1 Bxh3+ 25. Kg1 Bg4 26. Bd5+ Kh8 27. Qh6 Bxh5 28. Qxh5 Nf4 29. Qf3 Qg5+ 30. Kf1 Nxd5 31. Qxd5 Qc1+ 32.
Kg2 Qxc2+ 33. Kf3 Qxd3+ 34. Kg4 Qe2+ 35. Kg5 Qe3+ 36. Kf5 Qf4+ 37. Ke6 b6 38. Qa8+ Kg7 39. Qxa7+ Kg6 40. Qe7 Qf5+ 41. Kd6 Qf6+ 42. Kd7 Qxe7+ 43. Kxe7 d3 0-1

[Event "Late-Titled-Tuesday-Blitz-March-19-2024"]
[Site "Chess.com"]
[Date "2024.03.19"]
[Round "9"]
[White "jcmesafischer"]
[Black "finec2"]
[Result "1-0"]
[WhiteElo "2355"]
[BlackElo "2225"]
[TimeControl "180+1"]
[EndTime "15:43:35 PDT"]
[Termination "jcmesafischer won by resignation"]

1. e4 c5 2. Nc3 Nc6 3. f4 g6 4. Nf3 Bg7 5. Bc4 e6 6. d3 a6 7. a4 Nge7 8. Qe2 O-O 9. O-O d5 10. Bb3 f5 11. Bd2 h6 12. Rae1 Rb8 13. h3 b5 14. exd5 exd5 15. Kh1 c4 16. dxc4 bxc4 17. Nxd5 cxb3 18. Nxe7+ Nxe7 19. Qxe7 Qxe7 20. Rxe7 bxc2 21. Rxg7+ Kxg7 22. Bc3+ Kh7 23. Rc1 Be6 24. Rxc2 Bb3 25. Rd2 Rb7 26. a5 Re8 27. Rd6 Bc4 28. Ne5 Re6 29. Nxc4 Rxd6 30. Nxd6 Rd7 31. Be5 Kg8 32. b4 Kf8 33. b5 axb5 34. Nxb5 Rd5 35. Nd4 Rxa5 36. h4 Kf7 37. h5 g5 38. g3 gxf4 39.
gxf4 Ra6 40. Nxf5 Ke6 41. Nxh6 Kd5 42. Kg2 Ke4 43. Kg3 Rxh6 44. Kg4 Rh7 45. Kg5 Kd5 46.
h6 Ke6 47. Kg6 Ra7 48. h7 Kd5 49. h8=Q Ra6+ 50. Kg5 1-0

[Event "Late-Titled-Tuesday-Blitz-March-19-2024"]
[Site "Chess.com"]
[Date "2024.03.19"]
[Round "9"]
[White "karinachess1"]
[Black "Sandstad"]
[Result "1-0"]
[WhiteElo "2627"]
[BlackElo "2501"]
[TimeControl "180+1"]
[EndTime "15:43:36 PDT"]
[Termination "karinachess1 won by resignation"]

1. d4 Nf6 2. c4 e6 3. Nc3 d5 4. cxd5 exd5 5. Bg5 c6 6. e3 Bf5 7. Qf3 Bg6 8. Bxf6 Qxf6 9. Qxf6 gxf6 10. h4 Nd7 11.
Kd2 Nb6 12. b3 Bb4 13. a3 Be7 14. h5 Bf5 15. Bd3 Bxd3 16. Kxd3 Rg8 17. g3 Nc8 18. Nge2 Nd6 19. Nf4 Kd7 20. a4 f5 21. Ke2 Ne4 22. Rac1 Bb4 23. Na2 Bd6 24. Nd3 Rae8 25. b4 Bxg3 26. fxg3 Nxg3+ 27. Kf3 Nxh1 28. Rxh1 Rg4 29.
Ne5+ Rxe5 30. dxe5 Ke6 31. Rb1 Kxe5 32. Nc3 a6 33.
Ne2 Rc4 34. Rg1 h6 35. Rb1 b6 36. Rb3 Kf6 37. a5 b5 38. Nf4 d4 39. exd4 Rxd4 40. Nd3 Kg5 41. Nc5 Kxh5 42. Nxa6 Kg5 43. Nc5 Rd8 44.
a6 Ra8 45. Ra3 h5 46. a7 h4 47. Nd7 h3 48. Kg3 c5 49. Nb6 cxb4 50. Ra1 Rxa7 51. Rxa7 b3 52. Ra1 1-0

[Event "Late-Titled-Tuesday-Blitz-March-19-2024"]
[Site "Chess.com"]
[Date "2024.03.19"]
[Round "9"]
[White "Mariia89"]
[Black "jaskol95"]
[Result "0-1"]
[WhiteElo "2286"]
[BlackElo "2501"]
[TimeControl "180+1"]
[EndTime "15:43:36 PDT"]
[Termination "jaskol95 won on time"]

1. d4 d5 2. c4 e5 3. cxd5 Qxd5 4. Nc3 Qxd4 5. Qxd4 exd4 6. Nb5 Bd6 7. Nxd6+ cxd6 8. Bf4 Nc6 9. Bxd6 Be6 10. Nf3 O-O-O 11. Ba3 Nf6 12. g3 d3 13. O-O-O Ne4 14. Rxd3 Nxf2 15. Rxd8+ Rxd8 16. Rg1 Rd1+ 17. Kc2 Bf5+ 18. Kb3 Rd5 19. e4 Nxe4 20. Bc4 Na5+ 21. Kb4 Nxc4 22. Kxc4 Be6 23. Nd4 Nd2+ 24. Kc3 Rxd4 25. Kxd4 Nf3+ 26. Ke4 Nxg1 27.
Bf8 g6 28. h4 Bxa2 29. h5 gxh5 30. Kf4 Be6 31. Kg5 Ne2 32. Bd6 Kd7 33. Be5 Kc6 34. Kxh5 Kd5 35. Bb8 a5 36. Kh6 a4 37. Kxh7 Kc4 38.
Kg7 Kb3 39. Be5 Nxg3 40. Bxg3 Kxb2 41. Be5+ Kb1 42. Kf6 a3 43. Bd4 a2 0-1

[Event "Late-Titled-Tuesday-Blitz-March-19-2024"]
[Site "Chess.com"]
[Date "2024.03.19"]
[Round "9"]
[White "Zhigalko_Sergei"]
[Black "AryanTari"]
[Result "1-0"]
[WhiteElo "2897"]
[BlackElo "3012"]
[TimeControl "180+1"]
[EndTime "15:43:37 PDT"]
[Termination "Zhigalko_Sergei won by checkmate"]

1. g4 Na6 2. Bg2 d5 3. g5 c6 4.
h4 Nc7 5. d4 Bf5 6. Bf4 e6 7.
Nd2 Bd6 8. e3 Bxf4 9. exf4 Qd6 10. Ne2 h5 11. c3 Ne7 12. Nf3 f6 13. Qd2 Ng6 14. Qe3 O-O-O 15. O-O-O Kb8 16. Rde1 Rde8 17. Nd2 e5 18. fxe5 fxe5 19. Qg3 Re6 20. dxe5 Nxe5 21. Nf4 Rhe8 22. Bh3 Bxh3 23. Nxe6 Qxe6 24. f4 Nd3+ 25. Qxd3 Qxe1+ 26. Rxe1 Rxe1+ 27. Kc2 Bg4 28. Qh7 Bd1+ 29.
Kd3 Be2+ 30. Kc2 Bd1+ 31. Kd3 Be2+ 32. Ke3 Bg4+ 33. Kd3 Ne6 34. Qg8+ Kc7 35. Kc2 Bd1+ 36. Kd3 Nxf4+ 37. Kd4 Ne6+ 38. Kd3 c5 39. Qf7+ Kd6 40.
c4 b5 41. cxd5 Kxd5 42. Nf3 Rf1 43. Qd7# 1-0

[Event "Late-Titled-Tuesday-Blitz-March-19-2024"]
[Site "Chess.com"]
[Date "2024.03.19"]
[Round "9"]
[White "stepanosinovsky"]
[Black "yaguigor"]
[Result "0-1"]
[WhiteElo "2361"]
[BlackElo "2584"]
[TimeControl "180+1"]
[EndTime "15:43:38 PDT"]
[Termination "yaguigor won on time"]

1. e4 e5 2. Nf3 Nc6 3. Bb5 f5 4. d3 fxe4 5. dxe4 Nf6 6. O-O Bc5 7. Nc3 d6 8. Qd3 O-O 9. Be3 Bxe3 10. Qxe3 Kh8 11. Rad1 Qe7 12. Nd5 Nxd5 13. exd5 Nd8 14. Ng5 Nf7 15. f4 Bg4 16. Nxf7+ Rxf7 17. Rde1 a6 18. Bd3 Re8 19. fxe5 Rxf1+ 20. Bxf1 Qxe5 21.
Qxe5 dxe5 22. c4 g6 23. b4 Kg7 24. c5 Bd7 25. Kf2 Rf8+ 26. Ke3 Kf6 27. Bc4 Bf5 28.
Rf1 h5 29. g3 Rd8 30. a4 Kg5 31. Rf2 h4 32. b5 hxg3 33. hxg3 axb5 34. axb5 Ra8 35.
Rb2 Ra3+ 36. Rb3 Rxb3+ 37. Bxb3 Bd7 38. b6 cxb6 39. cxb6 Kf6 40. d6 Bc6 41. Bc4 g5 42.
Bb3 Kf5 0-1

[Event "Late-Titled-Tuesday-Blitz-March-19-2024"]
[Site "Chess.com"]
[Date "2024.03.19"]
[Round "9"]
[White "ventdelest"]
[Black "RianKapriaga"]
[Result "1-0"]
[WhiteElo "2105"]
[BlackElo "2339"]
[TimeControl "180+1"]
[EndTime "15:43:38 PDT"]
[Termination "ventdelest won by resignation"]

1. e4 c6 2. d4 d5 3. Nc3 dxe4 4.
Nxe4 Bf5 5. Ng3 Bg6 6. Nf3 Nd7 7. h4 h6 8. h5 Bh7 9. Bd3 Bxd3 10. Qxd3 e6 11. Bd2 Ngf6 12. O-O-O Be7 13. Ne4 Nxe4 14. Qxe4 Nf6 15. Qe2 Qd5 16. Kb1 Qe4 17.
Qxe4 Nxe4 18. Be3 f5 19. Nd2 Nxd2+ 20. Rxd2 Bg5 21. f4 Bf6 22. c3 Kf7 23. Re2 Rhg8 24. Kc2 g6 25. Kd3 g5 26. g3 Rg7 27. Rhe1 Re8 28. a4 Bd8 29. Bc1 Bc7 30. c4 gxf4 31. Bxf4 Bxf4 32. gxf4 Rg3+ 33. Kc2 Rg4 34. d5 Rxf4 35.
dxe6+ Kf6 36. b3 Re4 37. Rxe4 fxe4 38. Rxe4 Rxe6 39. Rg4 Kf5 40. Rg7 b6 41. Rxa7 Kg5 42.
Ra6 c5 43. a5 Re2+ 44. Kd3 Ra2 45. Rxb6 Rxa5 46. Rb5 Ra3 47. Rxc5+ Kg4 48. Kc3 Ra6 49. b4 1-0

[Event "Late-Titled-Tuesday-Blitz-March-19-2024"]
[Site "Chess.com"]
[Date "2024.03.19"]
[Round "9"]
[White "mbachez"]
[Black "Adar_07"]
[Result "1-0"]
[WhiteElo "2669"]
[BlackElo "2818"]
[TimeControl "180+1"]
[EndTime "15:43:40 PDT"]
[Termination "mbachez won by checkmate"]

1. e4 e6 2. d4 d5 3. Nd2 Nf6 4. e5 Nfd7 5. Bd3 c5 6. c3 Nc6 7.
Ndf3 Qb6 8. Ne2 cxd4 9. cxd4 f6 10. exf6 Nxf6 11. O-O Bd6 12. h3 O-O 13. Nc3 Kh8 14. Bb1 Bd7 15. a3 Rae8 16. Qd3 g6 17. Bh6 Qxb2 18. Bxf8 Rxf8 19. Ra2 Qb6 20. Re2 Nh5 21.
g3 Qb3 22. Kg2 Qxa3 23. Ng5 Rf6 24. Qe3 Bf4 25. gxf4 Nxf4+ 26. Kh1 Nxe2 27. Qxe2 Qxc3 28. Rg1 Nxd4 29. Qe5 Kg7 30. Rg3 Qc1+ 31. Kg2 Qf4 32. Qe1 Bc6 33. Rg4 Nf3 34. Nxe6+ Kh8 35. Qc3 d4 36. Rxf4 Rxf4 37. Qc5 Rf5 38. Qd6 Ng5+ 39. Kf1 Bb5+ 40. Ke1 Re5+ 41. Qxe5+ Kg8 42. Qg7# 1-0

[Event "Late-Titled-Tuesday-Blitz-March-19-2024"]
[Site "Chess.com"]
[Date "2024.03.19"]
[Round "9"]
[White "Revan_2002"]
[Black "Piriflillo"]
[Result "1-0"]
[WhiteElo "2561"]
[BlackElo "2387"]
[TimeControl "180+1"]
[EndTime "15:43:41 PDT"]
[Termination "Revan_2002 won by resignation"]

1. d4 d5 2. c4 c5 3. cxd5 Nf6 4. Nf3 cxd4 5. Qxd4 Qxd5 6. Nc3 Qxd4 7. Nxd4 a6 8. g3 e5 9. Nb3 Nc6 10. Bg2 Bd7 11.
O-O Be7 12. Bg5 O-O 13. Bxf6 Bxf6 14. Nc5 Bc8 15. Nd5 Bd8 16. e3 b6 17. Ne4 Bd7 18.
Rfd1 Ra7 19. Rac1 Ne7 20. Ndf6+ gxf6 21. Nxf6+ Kg7 22. Nxd7 Re8 23. Nxe5 Rc7 24. Nc4 Ng6 25. Nd6 Re6 26. Nf5+ Kf6 27. Nd4 Rxc1 28. Rxc1 Rd6 29. f4 b5 30. Rc6 Rxc6 31. Bxc6 Bb6 32. Bb7 a5 33. Kf2 b4 34. Kf3 Nf8 35. Bd5 Nd7 36. Nc6 Nc5 37. Ne5 Bc7 38. Nxf7 Na4 39. Ng5 h6 40. Ne4+ Ke7 41. b3 Nc3 42. Nxc3 bxc3 43. Ke2 Kd6 44. e4 Kc5 45. Kd3 Kb4 46. a3+ Kxa3 47.
Kxc3 a4 48. bxa4 Kxa4 49. Kc4 Ka5 50. Kc5 Bb6+ 51. Kd6 Bg1 52. e5 Bxh2 53. e6 Bxg3 54. e7 Bxf4+ 55. Kd7 1-0

[Event "Late-Titled-Tuesday-Blitz-March-19-2024"]
[Site "Chess.com"]
[Date "2024.03.19"]
[Round "9"]
[White "M1711"]
[Black "Szparu"]
[Result "0-1"]
[WhiteElo "2662"]
[BlackElo "2803"]
[TimeControl "180+1"]
[EndTime "15:43:42 PDT"]
[Termination "Szparu won on time"]

1. e4 c5 2. Nf3 a6 3. c3 e6 4. d4 d5 5. e5 Bd7 6. a3 Nc6 7. b4 c4 8. Be2 b5 9. a4 bxa4 10. Rxa4 a5 11. bxa5 Nxa5 12. Ra2 Nb3 13. Rxa8 Qxa8 14.
Nbd2 Qa1 15. O-O Ba4 16. Nxb3 Bxb3 17. Qd2 Ne7 18. Qb2 Qxb2 19. Bxb2 Nc8 20. Ra1 Be7 21. Ba3 Bd8 22. Bb4 f6 23. exf6 gxf6 24. Nd2 Bc2 25. Bg4 f5 26. Be2 Rg8 27. g3 Rg7 28.
Ra6 Kd7 29. Nf3 Bc7 30. Ba5 Bb8 31. Ra8 Bd6 32. Bb4 Bc7 33. Ba5 Nb6 34. Bxb6 Bxb6 35. Ne5+ Kc7 36. Kf1 f4 37. Re8 fxg3 38. hxg3 Ba5 39.
Rxe6 Bxc3 40. Rc6+ Kb8 41. Bxc4 Bxd4 42. Bxd5 Ba4 43.
Ra6 Bb5+ 44. Bc4 Bxa6 45. Nc6+ Kc7 46. Nxd4 Bxc4+ 47. Kg2 Bd5+ 48. f3 Rf7 49. g4 Rf4 50. Ne2 Bxf3+ 51. Kg3 Rf8 52. Nf4 Kd6 53. Kxf3 Ke5 54.
Kg3 Rxf4 55. Kh4 Kf6 0-1

[Event "Late-Titled-Tuesday-Blitz-March-19-2024"]
[Site "Chess.com"]
[Date "2024.03.19"]
[Round "9"]
[White "Evandro_Barbosa"]
[Black "BabageldiAnnaberdiyev"]
[Result "1-0"]
[WhiteElo "2738"]
[BlackElo "2628"]
[TimeControl "180+1"]
[EndTime "15:43:42 PDT"]
[Termination "Evandro_Barbosa won on time"]

1. e4 e6 2. d3 d5 3. Qe2 Nf6 4. Nf3 Nc6 5. c3 dxe4 6. dxe4 e5 7. Qc2 Bg4 8. Bb5 Bxf3 9. gxf3 Bd6 10. Rg1 O-O 11. Bg5 Be7 12. Nd2 Nh5 13. Be3 Qd6 14.
O-O-O Nf4 15. Nc4 Qf6 16. Rg4 Ng6 17. Qe2 a6 18. Bxc6 Qxc6 19. Rdg1 Bf6 20. h4 Qe6 21.
h5 Ne7 22. Bg5 Bxg5+ 23. Rxg5 g6 24. Rxe5 Qf6 25. Reg5 Nc6 26. Qe3 Rad8 27. e5 Qe6 28.
Qe4 Rd5 29. hxg6 fxg6 30. Rxg6+ hxg6 31. Rxg6+ Kf7 32. Rxe6 Kxe6 33. f4 Ne7 34. Ne3 c6 35.
Nxd5 cxd5 36. Qb4 Rf7 37. Qd6+ Kf5 38. e6 Rh7 39. Qe5+ Kg4 40. Qg5+ Kf3 41. f5 d4 42.
cxd4 Nd5 43. Qg3+ Ke2 44. Qe5+ Kd3 45. b3 Rh1+ 46. Kb2 1-0

[Event "Late-Titled-Tuesday-Blitz-March-19-2024"]
[Site "Chess.com"]
[Date "2024.03.19"]
[Round "9"]
[White "Cluke86"]
[Black "Payyappat"]
[Result "0-1"]
[WhiteElo "2333"]
[BlackElo "2518"]
[TimeControl "180+1"]
[EndTime "15:43:43 PDT"]
[Termination "Payyappat won on time"]

1. e4 c6 2. Nf3 d5 3. d3 dxe4 4. dxe4 Qxd1+ 5. Kxd1 Bg4 6. Be2 Nd7 7. Nfd2 Bxe2+ 8.
Kxe2 O-O-O 9. a4 e5 10. Nc4 Bc5 11. Nbd2 Ne7 12. Nb3 f6 13. Rd1 b6 14. a5 b5 15.
Nd6+ Bxd6 16. Rxd6 Kc7 17. Rd3 c5 18. c4 bxc4 19.
Rxd7+ Rxd7 20. Nxc5 Rd6 21. Be3 Rb8 22. Na4 Nc6 23.
Bc5 Rd7 24. a6 Rb5 25. Rc1 Ra5 26. Rxc4 Rxa6 27. b3 Ra5 28. g3 Rb5 29. Bxa7 Rxb3 30. Be3 Ra3 31. Bb6+ Kb8 32. Nc3 Kb7 33. Bc5 Na5 34.
Rb4+ Kc6 35. Bb6 Rxc3 36. Bxa5 Ra3 37. Bb6 Rb7 38. Bc5 Rxb4 39. Bxb4 Ra4 40. Bf8 Rxe4+ 41.
Kf3 Ra4 42. Bxg7 Kd5 43. Bxf6 Ra3+ 44. Ke2 Ke4 45. f3+ Rxf3 0-1

[Event "Late-Titled-Tuesday-Blitz-March-19-2024"]
[Site "Chess.com"]
[Date "2024.03.19"]
[Round "9"]
[White "DrCeltic"]
[Black "sansanathalia"]
[Result "0-1"]
[WhiteElo "2562"]
[BlackElo "2412"]
[TimeControl "180+1"]
[EndTime "15:43:44 PDT"]
[Termination "sansanathalia won by checkmate"]

1. e4 c5 2. Nf3 e6 3. d4 cxd4 4. Nxd4 Nf6 5. Nc3 Nc6 6. Ndb5 Bb4 7. a3 Bxc3+ 8. Nxc3 O-O 9. Bd3 d5 10. O-O d4 11. Ne2 Ne5 12. f4 Nc6 13. e5 Nd5 14. Ng3 a5 15. Qh5 g6 16. Qe2 b6 17. Ne4 Nc7 18. Nf6+ Kg7 19. f5 Nd5 20. Qd2 Ne3 21. fxg6 fxg6 22. Qe2 Nxf1 23. Be4 Ba6 24. Qf2 Nxe5 25.
Bg5 Ne3 26. Qh4 Rxf6 27. Bxa8 Nf5 28. Qe1 Qxa8 29. Qxe5 Qf8 30. Re1 h6 31. Bxf6+ Qxf6 32. Qxe6 Ne3 33. Qd7+ Kg8 34. h4 Bc4 35. c3 Be6 36. Qe8+ Kg7 37. cxd4 Nf5 38. Qxe6 Qxd4+ 39. Kh2 Qxh4+ 40. Kg1 Qd4+ 41. Kf1 Ng3# 0-1

[Event "Late-Titled-Tuesday-Blitz-March-19-2024"]
[Site "Chess.com"]
[Date "2024.03.19"]
[Round "9"]
[White "Crazy_girl99"]
[Black "NoSpaghettiForYou"]
[Result "0-1"]
[WhiteElo "2568"]
[BlackElo "2468"]
[TimeControl "180+1"]
[EndTime "15:43:45 PDT"]
[Termination "NoSpaghettiForYou won by resignation"]

1. Nf3 Nf6 2. g3 d5 3. Bg2 e6 4. O-O Be7 5. d3 O-O 6. Nbd2 a5 7. e4 a4 8. e5 Nfd7 9. d4 a3 10. b3 Bb4 11. Nb1 Nc6 12. c3 Be7 13. b4 f6 14.
exf6 Nxf6 15. Nxa3 Ne4 16. Qd3 b6 17. Nc2 b5 18.
Bf4 Bf6 19. Qxb5 Ne7 20. Qd3 Qe8 21. c4 c6 22. a4 Ng6 23. Be5 Bxe5 24. Nxe5 Nxe5 25.
dxe5 Ba6 26. b5 cxb5 27. axb5 Bb7 28. Ne3 dxc4 29. Qxc4 Nd2 30. Rxa8 Bxa8 31. Qa2 Nxf1 32. Bxf1 Qf7 33. Bc4 Re8 34. Be2 Qb7 35. f3 Qb6 36.
Qb3 Qc5 37. Kg2 Qxe5 38. b6 Bd5 39. Qb5 Rb8 40. Ng4 Qd6 41. b7 Bxb7 42. Qg5 Qf8 43. Ne5 Kh8 44. Nd7 Qd8 45. Qb5 Bxf3+ 46. Kxf3 Rxb5 47. Bxb5 Qa8+ 48. Kf2 Qd5 49. Ba4 Qd4+ 0-1

[Event "Late-Titled-Tuesday-Blitz-March-19-2024"]
[Site "Chess.com"]
[Date "2024.03.19"]
[Round "9"]
[White "ContrVersia"]
[Black "AlexPapasimakopoulos"]
[Result "1-0"]
[WhiteElo "2921"]
[BlackElo "2757"]
[TimeControl "180+1"]
[EndTime "15:43:46 PDT"]
[Termination "ContrVersia won by resignation"]

1. Nf3 Nf6 2. c4 e6 3. g3 a6 4. Bg2 b5 5. b3 Bb7 6. Nc3 b4 7.
Na4 c5 8. d4 cxd4 9. Qxd4 Be7 10. O-O O-O 11. Rd1 d6 12. Bb2 Nbd7 13. Ne1 Bxg2 14. Kxg2 Qc7 15. f3 a5 16. e4 Rfd8 17.
Rac1 Bf8 18. Nd3 e5 19. Qe3 Rac8 20. Rd2 Re8 21. Rcd1 h6 22. Ne1 Qc6 23. Nc2 Qc7 24. Qe2 Nc5 25. Nxc5 Qxc5 26. Ne3 a4 27. Nd5 Nxd5 28.
Rxd5 Qa7 29. f4 axb3 30. axb3 exf4 31. gxf4 Qa2 32. R1d3 Ra8 33. Re3 Qb1 34. Rd1 Qa2 35. Ra1 Qxa1 36. Bxa1 Rxa1 37. e5 dxe5 38. Rxe5 Rea8 39.
Qf3 R1a2+ 40. Re2 R2a3 41. f5 R3a5 42. Rd2 Re8 43. Re2 Rd8 44. h4 Ra3 45. f6 Ra6 46.
fxg7 Rg6+ 47. Kh3 Bxg7 48. c5 Bf6 49. c6 Rd4 50. Re4 Rd2 51. c7 Rc2 52. Rc4 Rxc4 53. bxc4 1-0

[Event "Late-Titled-Tuesday-Blitz-March-19-2024"]
[Site "Chess.com"]
[Date "2024.03.19"]
[Round "9"]
[White "AccioChess"]
[Black "Muracle"]
[Result "1-0"]
[WhiteElo "2502"]
[BlackElo "2586"]
[TimeControl "180+1"]
[EndTime "15:43:47 PDT"]
[Termination "AccioChess won by checkmate"]

1. e4 c6 2. Nc3 d5 3. Nf3 dxe4 4. Nxe4 Nf6 5. Qe2 Nxe4 6. Qxe4 Nd7 7. Bc4 Nf6 8. Ne5 e6 9. Qe2 b5 10. Bb3 Qc7 11.
d4 Bd6 12. c3 a5 13. a4 Ba6 14. O-O Bxe5 15. dxe5 Nd7 16. Bf4 Nc5 17. Bc2 bxa4 18. Qg4 h5 19. Qxg7 O-O-O 20. Rfd1 Rdg8 21. Qf6 Be2 22. Rd4 Bf3 23. Bg3 Bd5 24. c4 Nd7 25. Qh4 Nxe5 26.
cxd5 cxd5 27. Bxa4 Rg6 28. Qf4 f6 29. Rc1 h4 30.
Rxc7+ Kxc7 31. Bxh4 Rxh4 32. Qxh4 Nf3+ 33. Kf1 Nxh4 34.
Rxh4 Kd6 35. Rh7 Rg8 36. h4 Rb8 37. b3 Rc8 38. h5 Ke5 39. h6 Kf5 40. Rg7 Rh8 41.
h7 d4 42. Bb5 Ke4 43. Ke2 f5 44. Bc4 Ke5 45. Re7 Kf6 46. Rxe6+ Kg5 47. Re7 a4 48. bxa4 d3+ 49. Kxd3 f4 50. Bg8 f3 51. gxf3 Kf6 52.
Rb7 Kg5 53. a5 Kh4 54. a6 Kh3 55. a7 Kg2 56. a8=Q Kf1 57. Rg7 Ke1 58. Qa1+ Kxf2 59.
Qg1+ Kxf3 60. Qe3# 1-0

[Event "Late-Titled-Tuesday-Blitz-March-19-2024"]
[Site "Chess.com"]
[Date "2024.03.19"]
[Round "9"]
[White "Sanan_Sjugirov"]
[Black "vladislavkovalev"]
[Result "1-0"]
[WhiteElo "3012"]
[BlackElo "2877"]
[TimeControl "180+1"]
[EndTime "15:43:48 PDT"]
[Termination "Sanan_Sjugirov won on time"]

1. e4 e5 2. Nf3 Nc6 3. Bb5 a6 4. Ba4 Nf6 5. O-O Be7 6. Re1 b5 7. Bb3 d6 8. c3 O-O 9. h3 Be6 10. d4 Bxb3 11. axb3 exd4 12. cxd4 Nb4 13. Nc3 c5 14.
Bf4 Nd7 15. Qd2 Re8 16. Rad1 Qb6 17. Ne2 a5 18. Ng3 g6 19. h4 cxd4 20. Nxd4 Nc5 21.
Re3 Bf6 22. Nf3 Be5 23. Nxe5 dxe5 24. Bh6 Rad8 25. Qe2 Rxd1+ 26. Qxd1 Rd8 27. Qf3 Nc2 28. Rc3 Nd4 29. Qg4 b4 30. Rc4 Qe6 31. Nf5 Ndxb3 32. Rc2 f6 33. Be3 Kh8 34. Bxc5 gxf5 35. exf5 Qd7 36.
Kh2 Rg8 37. Qf3 a4 38. Bxb4 Qb5 39. Bc3 Qd7 40. Re2 Qg7 41. Re4 Qd7 42. Rc4 Nd2 43.
Bxd2 Qxd2 44. Rxa4 1-0

[Event "Late-Titled-Tuesday-Blitz-March-19-2024"]
[Site "Chess.com"]
[Date "2024.03.19"]
[Round "9"]
[White "FredddieCroderg"]
[Black "AlexTruskavetsky"]
[Result "0-1"]
[WhiteElo "2318"]
[BlackElo "2664"]
[TimeControl "180+1"]
[EndTime "15:43:48 PDT"]
[Termination "AlexTruskavetsky won on time"]

1. e4 c5 2. Bc4 Nc6 3. d3 e6 4. Qf3 Nf6 5. Nc3 Be7 6. Nge2 O-O 7. Qg3 d5 8. Bb3 Kh8 9. O-O Rb8 10. exd5 exd5 11.
Bg5 Be6 12. Nf4 h6 13. Bxf6 Bxf6 14. Nfxd5 Bxd5 15. Nxd5 Nd4 16. Nc3 b5 17. Rae1 c4 18. dxc4 bxc4 19. Bxc4 Rxb2 20. Ne4 Rxc2 21. Nxf6 Qxf6 22.
Bd3 Rxa2 23. Qg4 Ra3 24. Qe4 g6 25. Re3 Ne6 26. Bc4 Ng5 27. Qb7 Rxe3 28. fxe3 Qe5 29.
Qxa7 f5 30. Qd4 Re8 31. h4 Ne4 32. Bf7 Qxd4 33. exd4 Rd8 34. Bxg6 Rxd4 35. Rxf5 Ng3 36. Rf7 Rxh4 37. Kf2 Nh1+ 38. Kf3 Kg8 39. Ra7 Rb4 40. Ra1 Rb3+ 41. Kg4 Nf2+ 42. Kh5 Rb5+ 43. Kh4 Rg5 44. Bh5 Rxg2 45. Ra2 Rh2+ 46. Kg3 Rxh5 47. Rxf2 Kg7 48. Ra2 Rg5+ 49. Kh3 Rc5 0-1

[Event "Late-Titled-Tuesday-Blitz-March-19-2024"]
[Site "Chess.com"]
[Date "2024.03.19"]
[Round "9"]
[White "nindjaxx8"]
[Black "andrzej"]
[Result "1-0"]
[WhiteElo "2661"]
[BlackElo "2509"]
[TimeControl "180+1"]
[EndTime "15:43:48 PDT"]
[Termination "nindjaxx8 won on time"]

1. d4 d5 2. c4 e6 3. Nc3 Nf6 4. cxd5 exd5 5. Bg5 c6 6. e3 h6 7. Bh4 Be7 8. Nf3 O-O 9. Bd3 Re8 10. O-O Ne4 11. Bg3 Nxg3 12. hxg3 Bd6 13. Qc2 Nd7 14. Rfe1 Nf6 15. Re2 Bg4 16. Rae1 c5 17. dxc5 Bxc5 18. Bf5 Bxf5 19. Qxf5 Qa5 20. Nxd5 Nxd5 21. Qxd5 Qb6 22. Ne5 Qe6 23. Qxe6 Rxe6 24. Nd3 Bf8 25. Rc2 Rd6 26. Nf4 Rad8 27. Kf1 Rd2 28. Rec1 Bb4 29. a3 Bf8 30. Ke1 Rxc2 31. Rxc2 Rd6 32. Ke2 Rb6 33. Nd5 Rb3 34. Kf3 Kh7 35. Rc7 Kg6 36. Nf4+ Kf6 37. Rc2 a5 38. Ne2 Bd6 39. Nc3 Be5 40. Ne4+ Ke7 41. Nc5 Rxb2 42. Rc4 Rb5 43. Nd3 Bd6 44. a4 Rb3 45. Re4+ Kd7 46. Rd4 Ke7 47. Ke4 b5 48. axb5 Rxb5 49. Rc4 f5+ 50. Kd4 Ke6 51. f4 Rd5+ 52. Kc3 Rb5 53. e4 fxe4 54. Rxe4+ Kd7 55. Rd4 Kc6 56. Rc4+ Kd7 57. Kd4 Rb1 58. Ra4 Rg1 59. Rxa5 Rxg2 60. Ra7+ Kc6 61. Rxg7 h5 62. Rg5 1-0